Cogmind - Beta 13 @@@ ROGUE MODE // 2024.04.30 @ 17:05:35 Player: WarMechanic Result: Smashed by cave-in Performance ------------- Evolutions (1) 500 Regions Visited (2) 400 Robots Destroyed (23) 115 Value Destroyed (534) 534 Prototype IDs (1) 20 Alien Tech Used (0) 0 Bonus (0) 0 TOTAL SCORE: 1569 Bonus ------- None Cogmind --------- Core Integrity 0/400 Matter 259/300 Energy 280/280 System Corruption 3% Temperature Cool (0) Movement Treading (480) Ox4 Location -9/Materials Parts ------- > --- POWER (1) -------- Heavy Ion Engine > --- PROPULSION (2) --- Light Treads > --- UTILITY (4) ------ Huge Storage Unit Seismic Detector > --- WEAPON (2) ------- (None) > --- INVENTORY (25) --- Light Nuclear Core Wheel Huge Storage Unit Signal Interpreter Terrain Scanner Medium Armor Plating Peak State ------------ > --- POWER ------------ Heavy Ion Engine > --- PROPULSION ------- Wheel Wheel > --- UTILITY ---------- Huge Storage Unit Seismic Detector Medium Armor Plating > --- WEAPON ----------- Assault Rifle Mining Claw > --- INVENTORY -------- Heavy Ion Engine Light Nuclear Core Light Treads Light Treads Huge Storage Unit Signal Interpreter Medium Armor Plating Mining Claw [Rating: 12] Favorites ----------- Power Heavy Ion Engine Engine Heavy Ion Engine Propulsion Light Treads Treads Light Treads Wheel Wheel Utility Medium Armor Plating Device Seismic Detector Storage Huge Storage Unit Protection Medium Armor Plating Weapon Assault Rifle Ballistic Gun Assault Rifle Special Weapon Mining Laser Slashing Weapon Mining Claw Build | -11 -10 -9 ------- Run | Yrd Mat Mat Slots Evolved 2 | . . 2 Power . | . . . Propulsion . | . . . Utility 2 | . . 2 Weapon . | . . . Parts Attached 40 | 6 26 8 Power 3 | 1 1 1 Engine 3 | 1 1 1 Core . | . . . Reactor . | . . . Propulsion 8 | 2 2 4 Treads 5 | 2 . 3 Leg . | . . . Wheel 3 | . 2 1 Hover . | . . . Flight . | . . . Utility 9 | 1 6 2 Device 3 | . 2 1 Storage 3 | 1 2 . Processor . | . . . Hackware . | . . . Protection 3 | . 2 1 Artifact . | . . . Weapon 20 | 2 17 1 Energy Gun . | . . . Energy Cannon . | . . . Ballistic Gun 11 | 2 9 . Ballistic Cannon . | . . . Launcher . | . . . Special Weapon 2 | . 2 . Impact Weapon . | . . . Slashing Weapon 7 | . 6 1 Piercing Weapon . | . . . Special Melee Weapon . | . . . Unidentified Prototypes 1 | . 1 . Parts Lost 9 | . 2 7 Power 1 | . . 1 Propulsion 2 | . . 2 Utility 2 | . 1 1 Weapon 4 | . 1 3 Highest Loss Streak 5 | . 1 5 To Critical Strikes . | . . . Average Slot Usage (%) 91 | . 99 59 Engine 13 | . 14 10 Treads 11 | . 12 10 Wheel 13 | . 16 2 Device 6 | . 4 10 Storage 13 | . 14 11 Protection 8 | . 9 8 Ballistic Gun 19 | . 23 2 Special Weapon 1 | . 1 . Slashing Weapon 2 | . 2 2 Naked Turns . | . . . Heaviest Build 99 | 11 99 99 Greatest Support 40 | 40 40 20 Greatest Overweight (x) 9 | . 4 9 Average Overweight (x) 1 | . 2 6 Largest Inventory Capacity 25 | 8 25 25 Average Capacity 18 | 7 18 25 Most Carried 11 | 8 11 10 Average Carried 8 | 5 9 6 Final Capacity 25 | 8 25 25 Final Carried 9 | 8 9 6 Class Distribution -------------------- 100% | Mutant Dominant Class ---------------- Mutant | -10/Materials Mutant | -9/Materials Resources | -11 -10 -9 ----------- Run | Yrd Mat Mat Matter Collected 915 | 332 539 44 Remotely . | . . . Salvage Created 799 | 198 557 44 Parts 53 | 20 31 2 Haulers Intercepted 1 | . 1 . Recyclers Shooed 1 | . 1 . Parts Field Recycled . | . . . Retrieved Matter . | . . . Parts Self-Destructed . | . . . Prevented . | . . . Kills | -11 -10 -9 ------- Run | Yrd Mat Mat Combat Hostiles Destroyed 14 | . 13 1 Melee 1 | . . 1 Guns 13 | . 13 . Classes Destroyed 7 | 3 4 . Worker 2 | 2 . . Tunneler 4 | 4 . . Hauler 1 | . 1 . Recycler 1 | 1 . . Operator 1 | . 1 . Swarmer 3 | . 3 . Grunt 11 | . 10 1 Best Kill Streak 3 | 3 3 1 Combat Bots Only 3 | . 3 1 Max Kills in Single Turn 2 | 1 2 1 Gunslinging 1 | . 1 . Exploded . | . . . Melee 1 | . . 1 Uniques/NPCs Destroyed . | . . . Combat | -11 -10 -9 -------- Run | Yrd Mat Mat Hostile Shots Fired 120 | . 71 49 Missed 28 | . 19 9 Damage Taken 1983 | . 831 1152 Core 568 | . 141 427 Absorbed by Shields . | . . . Core Remaining (%) 71 | 100 43 . Volleys Fired 88 | 18 66 4 Largest 2 | 2 2 1 Hottest 120 | 40 120 20 Shots Fired 159 | 36 119 4 Gun 146 | 36 106 4 Cannon . | . . . Launcher . | . . . Special 13 | . 13 . Kinetic 146 | 36 106 4 Thermal 13 | . 13 . Explosive . | . . . Electromagnetic . | . . . Robot Hit Streak 14 | 6 14 6 Robot Miss Streak 7 | 7 4 . Penetration Max . | . . . Secondary Targets 2 | . 2 . Max Gunslinging Chain 1 | . 1 . Shots Hit Robots 94 | 19 68 7 Core Hits 40 | 10 28 2 Critical Kills . | . . . Critical Parts Destroyed 1 | . 1 . Critical Strikes 1 | . 1 . Destroy 1 | . 1 . Melee Attacks 18 | . 7 11 Impact . | . . . Slashing 18 | . 7 11 Piercing . | . . . Sneak Attacks 1 | . . 1 Combat Hostiles . | . . . Follow-up Attacks . | . . . Damage Inflicted 1138 | 201 837 100 Guns 1074 | 201 823 50 Cannons . | . . . Explosions . | . . . Melee 50 | . . 50 Ramming 14 | . 14 . Kinetic 1074 | 201 823 50 Thermal . | . . . Explosive . | . . . Electromagnetic . | . . . Impact . | . . . Slashing 50 | . . 50 Piercing . | . . . Highest Corruption 2 | . 1 2 Average Corruption 1 | . 1 2 Corruption Purged . | . . . Corruption Blocked . | . . . Effects 15 | . 12 3 Message Errors 4 | . 3 1 Matter Fused 1 | . . 1 Energy Discharges 4 | . 3 1 Parts Rejected 1 | . 1 . Data Loss (minor) 2 | . 2 . Misfires 1 | . 1 . Alerts 1 | . 1 . Weapon Failures 1 | . 1 . Overload Shots . | . . . Overflow Damage . | . . . Projectiles . | . . . Explosions . | . . . Melee . | . . . Knockbacks . | . . . Impact . | . . . Kinetic . | . . . Secondary . | . . . Self-Inflicted Damage 7 | . 7 . Shots . | . . . Rammed 1 | . 1 . Targets Rammed 1 | . 1 . Kicked . | . . . Crushed . | . . . Highest Temperature 48 | . 48 6 Average Temperature 14 | . 14 6 Received Heat Transfer 576 | . 282 294 Siege Activations . | . . . Robots Corrupted . | . . . Combat Hostiles . | . . . Parts Fried . | . . . Impact Corruptions . | . . . Robots Melted . | . . . Combat Hostiles . | . . . Parts Melted . | . . . Heat Transferred . | . . . Parts Sabotaged . | . . . Parts Stolen . | . . . Parts Stripped . | . . . Power Chain Reactions . | . . . Alert | -11 -10 -9 ------- Run | Yrd Mat Mat Peak Influence 262 | 30 262 129 Initial 93 | . 3 93 Average 92 | 12 110 97 Maximum Alert Level 1 | . 1 . Low Security (%) 83 | 100 75 100 Level 1 16 | . 24 . Level 2 . | . . . Level 3 . | . . . Level 4 . | . . . Level 5 . | . . . High Security . | . . . Max Security . | . . . Squads Dispatched 2 | . 2 . Investigation 2 | . 2 . Extermination . | . . . Reinforcement . | . . . Assault . | . . . Garrison . | . . . Intercept . | . . . Searches Triggered . | . . . Construction Impeded . | . . . Haulers Reinforced . | . . . Active Scanning Responses . | . . . Cargo Convoy Interrupts . | . . . Stealth | -11 -10 -9 --------- Run | Yrd Mat Mat Distress Signals 2 | . 2 . Communications Jammed . | . . . Distress Signals . | . . . Times Spotted 36 | . 30 6 Peak Tracking Total 6 | . 6 4 Tactical Retreats 3 | . 1 2 Traps | -11 -10 -9 ------- Run | Yrd Mat Mat Traps Triggered 4 | . 4 . Indirectly . | . . . Trap Hack Attempts . | . . . Triggered . | . . . Disarmed . | . . . Reprogrammed . | . . . Reused . | . . . Traps Extracted . | . . . Installed . | . . . Triggered . | . . . Machines | -11 -10 -9 ---------- Run | Yrd Mat Mat Machines Disabled 5 | . 5 . Max in Single Turn 1 | . 1 . Machines Repaired . | . . . Machines Dismantled . | . . . Machines Sabotaged . | . . . Overloaded Fab Kills . | . . . Hacking | -11 -10 -9 --------- Run | Yrd Mat Mat Machines Accessed 9 | . 8 1 Terminals 9 | . 8 1 Fabricators . | . . . Repair Stations . | . . . Recycling Units . | . . . Scanalyzers . | . . . Garrison Access . | . . . Total Hacks 32 | . 30 2 Successful 8 | . 8 . Failed 23 | . 21 2 Catastrophic 4 | . 4 . Database Lockouts 1 | . 1 . Manual 26 | . 24 2 Terminals 32 | . 30 2 Fabricators . | . . . Repair Stations . | . . . Recycling Units . | . . . Scanalyzers . | . . . Garrison Access . | . . . Terminal Hacks 8 | . 8 . Record 4 | . 4 . Part Schematic 1 | . 1 . Robot Analysis 1 | . 1 . Level Access Points 1 | . 1 . Terminal Index 1 | . 1 . Fabricator Hacks . | . . . Repair Station Hacks . | . . . Recycling Unit Hacks . | . . . Scanalyzer . | . . . Garrison Access Hacks . | . . . Unauthorized Hacks . | . . . Terminals . | . . . Fabricators . | . . . Repair Stations . | . . . Recycling Units . | . . . Scanalyzers . | . . . Garrison Access . | . . . Data Cores Recovered 1 | . 1 . Used . | . . . Hacking Detections 9 | . 8 1 Full Trace Events 4 | . 3 1 Feedback Events . | . . . Feedback Blocked . | . . . Robot Schematics Acquired . | . . . Robots Built . | . . . Authchips . | . . . Time . | . . . Total Robot Build Rating . | . . . Part Schematics Acquired 1 | . 1 . Parts Built . | . . . Authchips . | . . . Time . | . . . Total Part Build Rating . | . . . Parts Repaired . | . . . Time . | . . . Parts Recycled . | . . . Recycled Matter . | . . . Retrieved Matter . | . . . Retrieved Components . | . . . Parts Scanalyzed . | . . . Part Schematics Acquired . | . . . Parts Damaged . | . . . Bothacking | -11 -10 -9 ------------ Run | Yrd Mat Mat Used RIF Installer . | . . . Robots Hacked . | . . . Non-combat . | . . . Combat . | . . . Robot Hacks Applied . | . . . Relay Couplers Released . | . . . Fabnet Peak Effective % . | . . . Robots Rewired . | . . . Allies Hacked . | . . . Hacks Repelled . | . . . Allies | -11 -10 -9 -------- Run | Yrd Mat Mat Total Allies . | . . . Largest Group . | . . . Highest-Rated Group . | . . . Highest-Rated Ally . | . . . Total Orders . | . . . Ally Attacks . | . . . Total Damage . | . . . Kills . | . . . Allies Corrupted . | . . . Allies Melted . | . . . Intel | -11 -10 -9 ------- Run | Yrd Mat Mat Robot Analysis Total 1 | . 1 . Derelict Logs Recovered . | . . . Drone Launches . | . . . Drone Recoveries . | . . . Exploration | -11 -10 -9 ------------- Run | Yrd Mat Mat Turns Passed 2912 | 470 1961 481 Spaces Moved 1257 | 253 962 42 Core 6 | 6 . . Treads 663 | 247 413 3 Legs . | . . . Wheels 588 | . 549 39 Hover . | . . . Flight . | . . . Fastest Speed 50 | 50 140 140 Average Speed 152 | 157 148 203 Slowest Speed 480 | 160 320 480 Overloaded Moves . | . . . Propulsion Burnouts . | . . . Robots Hopped . | . . . Cave-ins Triggered 3 | . 1 2 Exploration Rate (%) 34 | 11 89 3 Regions Visited 2 Branch Regions . Pre-discovered Areas . | . . . Known Exits Taken 1 | . 1 . Unknown Exits Taken 1 | 1 . . Scrap Searched . | . . . Spaces Dug 16 | . 12 4 Terrain Destroyed 16 | . 12 4 Melee 5 | . 1 4 Projectile 11 | . 11 . AOE . | . . . Terrain Rammed . | . . . Walls Destroyed . | . . . Machines Disabled . | . . . Actions | -11 -10 -9 --------- Run | Yrd Mat Mat Total 2039 | 294 1334 411 Wait 570 | . 225 345 Move 1255 | 252 961 42 Hop . | . . . Pick Up 43 | 16 27 . Fast Attach . | . . . Attach 16 | 6 5 5 Detach 1 | . . 1 Swap 24 | . 21 3 Drop 23 | 2 21 . Fire 88 | 18 66 4 Melee 18 | . 7 11 Ram 1 | . 1 . Kick . | . . . Crush . | . . . Escape Stasis . | . . . Rewire . | . . . Trap . | . . . Miscellaneous . | . . . Route ------- -11/Scrapyard -10/Materials (discovered 5 exits: *Mat x3 / [*Min x2]) -9/Materials History --------- Turn | Location | Event 45 | -11/Scrapyard | Discovered new exit (range 16) 471 | -11/Scrapyard | Entered Materials 555 | -10/Materials | Build established: Mutant 667 | -10/Materials | Crushed by falling debris 1029 | -10/Materials | Discovered new exit (range 3) 1158 | -10/Materials | Identified exit to Materials 1387 | -10/Materials | Discovered new exit (range 12) 1387 | -10/Materials | Discovered new exit (range 11) 1880 | -10/Materials | Central database locked down 1977 | -10/Materials | Core integrity fell below 50% 2432 | -10/Materials | Entered another Materials area 2432 | -9/Materials | Evolved 2 slots: Utility x2 2566 | -9/Materials | Lost 5 parts (1p2n2w) 2568 | -9/Materials | Crushed by falling debris 2568 | -9/Materials | Core integrity fell below 50% 2914 | -9/Materials | Crushed by falling debris 2914 | -9/Materials | Smashed by cave-in Last Messages --------------- SECURING TERMINAL." 02527_ Assault Rifle destroyed. 02527_ Critical hit (Burn: +37). 02528_ Mining Claw destroyed. 02531_ Hvy. Ion Engine destroyed. 02533_ Wheel destroyed. 02535_ Lgt. Treads destroyed. 02546_ U-05 Engineer builds a Wall. 02568_ The unstable cave ceiling collapses. 02568_ Crushed by falling debris. 02568_ Mining Claw destroyed. 02568_ System corrupted by crushing effect (+2). 02620_ System corrupted: Energy discharge (-72). 02744_ The unstable cave ceiling collapses. 02755_ System corrupted: Matter fused (-8). 02898_ IWLOQ6HBGE|LIAL>E7F G2V3WZJT, BW3W#N UIA 02914_ The unstable cave ceiling collapses. 02914_ Crushed by falling debris. 02914_ Med. Armor Plating destroyed. 02914_ System corrupted by crushing effect (+1). Map ----- +----------------------------------------------------+ | ????????????????????????????????? | | ????????????????????????????????? | | ????????????????????????????????? | | ????????????????????????????????? | | ????????????????????????????????? | | ????????????????????????????????? | | ????????????????????????????????? | | ????????????????????????????????? | | ????????????????????????????????? | | ????????????????????????????????? | | ????????????????????????????????? | | ????????????????????????????????? | | ????????????????????????????????? | | ????????? ?????????????????????? | | ????????? ?????????????????????? | | ????????? ?????????????????????? | | ????????? ?????????????????????? | | ????????? ?????????????????????? | | ????????? ?????????????????????? | | ????????? ?????????????????????? | | ????????? #????????????????????? | | ????????? #????????????????????? | | ????????? ????????????????????? | | ???????### #????????????????????? | | ???????### #????????????????????? | | ???????#@# #????????????????????? | | ???????### #????????????????????? | | ?????#####+###########??????????? | | ?????# """ + ???????????? | | ?????# """ #?????????????? | | ?????# """ #?????????????? | | ?????# =%* = #?????????????? | | ?????# "T" =[ #?????????????? | | ?????#######+###########????????? | | ????????# #????????? | | ????????# #????????? | | ????????# #????????? | | ????????##### ########????????? | | ????????????# #???????????????? | | ????????????# #???????????????? | | ????????????# #???????????????? | | ????????????# #???????????????? | | ????????????# #???????????????? | | ????????????# #???????????????? | | ????????????# #???????????????? | | ????????????# #???????????????? | | ????????????# #???????????????? | | ????????????+ #???????????????? | | ????????????# #???????????????? | | ????????????? #???????????????? | +----------------------------------------------------+ Best States ------------- Heat Dissipation 28 Energy Generation 14 Energy Capacity 280 Matter Stores 300 Matter Capacity 300 Sight Range 16 Terrain Scan Density 10 Armor Coverage 225 Evasion (%) 40 Recoil Reduction 2 Item Schematics ----------------- ECM Suite | -10/Materials | Hacked Robot Schematics ------------------ None Fabricated ------------ Nothing Alien Tech Used ----------------- None Achievements -------------- Risk Taker Challenges ------------ None Game ------ Seed StormIonicGravjet Manual? 0 Play Time 00:28:16 Cumulative 3.8 hours Start 2024.04.30 @ 16:40:06 End 2024.04.30 @ 17:05:35 Sessions 1 Manual Loads 0 Difficulty Rogue Special Mode None Game No. 6 Rogue 6 Adventurer 0 Explorer 0 Win Type - Total 0 Types 0/0/0/0/0/0/0/0/0 Lore% 1 Gallery% 5 Achievement% 5 Wizard Run 0 Options --------- Layout 2 ASCII 1 Keyboard 1 Movement Arrows Keybinds 1 Fullscreen 2 Font 24/Smallcaps Map View 50x44 Zoom Use 0% Tactical HUD 1 Map Filters NONE Filters NONE Steam 1 RUN: a9e781a9-4882-4801-867a-e7f5a2416c13